MLB
TORONTO BLUE JAYS @ BALTIMORE ORIOLES
07/18/2048
 
TOP OF THE 1ST
Toronto Blue Jays batting - Pitching for Baltimore Orioles : LHP Silas Chinn
Pitching: LHP Silas Chinn
Batting: RHB Danny Burnside 0-0: Ball
1-0: Ground out 6-3 (Groundball, 6, EV 85.6 MPH)
Batting: RHB Brock Van Gilder 0-0: Ball
1-0: Ball
2-0: Ball
3-0: Base on Balls
Batting: RHB C.J. Richerson 0-0: Called Strike
Brock Van Gilder is caught stealing 2nd base 2-4
0-1: Ball
1-1: Foul Ball, location: 2F
1-2: Foul Ball, location: 2F
1-2: Foul Ball, location: 2F
1-2: Foul Ball, location: 2F
1-2: Foul Ball, location: 2F
1-2: TRIPLE (Line Drive, 89XD, EV 100.6 MPH)
Batting: RHB Kirk Arp 0-0: Ball
1-0: Ground out 6-3 (Groundball, 6, EV 109.4 MPH)
Top of the 1st over - 0 runs, 1 hit, 0 errors, 1 left on base; Toronto 0 - Baltimore 0
BOTTOM OF THE 1ST
Baltimore Orioles batting - Pitching for Toronto Blue Jays : RHP Javy Falcon
Pitching: RHP Javy Falcon
Batting: RHB Saimei Kudo 0-0: Ball
1-0: Foul Ball, location: 2F
1-1: Ball
2-1: Ball
3-1: Called Strike
3-2: Foul Ball, location: 2F
3-2: Base on Balls
Batting: RHB Vince Jackson 0-0: SINGLE (Line Drive, 34D, EV 94.4 MPH)
Saimei Kudo to second
Batting: RHB Rudo Garciaparra 0-0: Called Strike
0-1: Ball
1-1: Ball
2-1: Called Strike
2-2: Ball
3-2: Foul Ball, location: 2F
3-2: Base on Balls
Saimei Kudo to third
Vince Jackson to second
Batting: SHB Jason Hayes 0-0: Ball
1-0: Ball
2-0: SINGLE (Groundball, 4MD, EV 107.5 MPH)
Saimei Kudo scores
Vince Jackson to third
Rudo Garciaparra to second
Runner from 3rd tries for Home, SAFE, throw by CF to home
Batting: SHB Robert Handy 0-0: Ball
1-0: Ball
2-0: Called Strike
2-1: Ball
3-1: Foul Ball, location: 2F
3-2: Base on Balls
Rudo Garciaparra to third
Jason Hayes to second
Batting: LHB Andy Bowman 0-0: Foul Ball, location: 2F
0-1: Swinging Strike
0-2: Ball
1-2: Strikes out looking
Batting: SHB Tony Prado 0-0: Ball
1-0: Ball
2-0: Ball
3-0: Called Strike
3-1: Base on Balls
Rudo Garciaparra scores
Jason Hayes to third
Robert Handy to second
Batting: RHB Tenshou Takita 0-0: Called Strike
0-1: Grounds into double play, 5-4-3 (Groundball, 56S, EV 90.0 MPH)
Bottom of the 1st over - 3 runs, 2 hits, 0 errors, 2 left on base; Toronto 0 - Baltimore 3
TOP OF THE 2ND
Toronto Blue Jays batting - Pitching for Baltimore Orioles : LHP Silas Chinn
Batting: LHB Willis Robles 0-0: Foul Ball, location: 2F
0-1: Ball
1-1: Ball
2-1: Ball
3-1: Foul Ball, location: 2F
3-2: Foul Ball, location: 2F
3-2: Base on Balls
Batting: LHB Jon Schick 0-0: Ball
1-0: DOUBLE (Flyball, 8LXD, EV 101.9 MPH)
Willis Robles to third
Runner from 3rd tries for Home, SAFE, no throw by CF
Batting: LHB Michael Byrd 0-0: Ball
1-0: Ball
2-0: Called Strike
2-1: Called Strike
2-2: Foul Ball, location: 2F
2-2: Foul Ball, location: 2F
2-2: Foul Ball, location: 2F
2-2: Ball
3-2: Strikes out swinging
Batting: SHB Zory Larikov 0-0: Called Strike
0-1: Fly out, F7 (Flyball, 78D, EV 105.0 MPH)
Batting: SHB Dylan Novakowski 0-0: Ground out 6-3 (Groundball, 6, EV 81.2 MPH)
Top of the 2nd over - 1 run, 1 hit, 0 errors, 1 left on base; Toronto 1 - Baltimore 3
BOTTOM OF THE 2ND
Baltimore Orioles batting - Pitching for Toronto Blue Jays : RHP Javy Falcon
Batting: SHB Bran Stark 0-0: Called Strike
0-1: Foul Ball, location: 2F
0-2: Strikes out swinging
Batting: RHB Saimei Kudo 0-0: Ball
1-0: Foul Ball, location: 2F
1-1: Ball
2-1: Swinging Strike
2-2: SINGLE (Groundball, 4D, EV 105.0 MPH)
Batting: RHB Vince Jackson 0-0: Ball
1-0: Swinging Strike
1-1: Fly out, F5 (Line Drive, 5L, EV 72.5 MPH)
Batting: RHB Rudo Garciaparra 0-0: Ball
1-0: Ground out 1-3 (Groundball, 15S, EV 66.2 MPH)
Bottom of the 2nd over - 0 runs, 1 hit, 0 errors, 1 left on base; Toronto 1 - Baltimore 3
TOP OF THE 3RD
Toronto Blue Jays batting - Pitching for Baltimore Orioles : LHP Silas Chinn
Batting: RHB Danny Burnside 0-0: Swinging Strike
0-1: Ball
1-1: Foul Ball, location: 2F
1-2: Ball
2-2: SINGLE (Line Drive, 3D, EV 109.4 MPH)
Batting: RHB Brock Van Gilder 0-0: Fly out, F8 (Flyball, 8RXD, EV 100.0 MPH)
Batting: RHB C.J. Richerson Pickoff Throw to First - Error! E1
Danny Burnside to second
0-0: Ball
1-0: Ground out 4-3 (Groundball, 4, EV 85.0 MPH)
Danny Burnside to third
Batting: RHB Kirk Arp 0-0: Called Strike
0-1: Ball
1-1: Foul Ball, location: 2F
1-2: Ground out U3 (Groundball, 34S, EV 92.5 MPH)
Top of the 3rd over - 0 runs, 1 hit, 1 error, 1 left on base; Toronto 1 - Baltimore 3
BOTTOM OF THE 3RD
Baltimore Orioles batting - Pitching for Toronto Blue Jays : RHP Javy Falcon
Batting: SHB Jason Hayes 0-0: Called Strike
0-1: Swinging Strike
0-2: Ball
1-2: Fly out, F7 (Flyball, 7, EV 88.1 MPH)
Batting: SHB Robert Handy 0-0: Ground out U3 (Groundball, 3, EV 82.5 MPH)
Batting: LHB Andy Bowman 0-0: Foul Ball, location: 2F
0-1: Ball
1-1: TRIPLE (Line Drive, 89XD, EV 103.1 MPH)
Batting: SHB Tony Prado 0-0: Ball
1-0: Ball
2-0: Ball
3-0: SINGLE (Line Drive, 3D, EV 97.5 MPH)
Andy Bowman scores
Batting: RHB Tenshou Takita 0-0: Ball
1-0: Ball
2-0: Called Strike
2-1: Swinging Strike
2-2: Strikes out looking
Bottom of the 3rd over - 1 run, 2 hits, 0 errors, 1 left on base; Toronto 1 - Baltimore 4
TOP OF THE 4TH
Toronto Blue Jays batting - Pitching for Baltimore Orioles : LHP Silas Chinn
Batting: LHB Willis Robles 0-0: Ball
1-0: Foul Ball, location: 2F
1-1: Ball
2-1: Ground out 4-3 (Groundball, 4, EV 109.4 MPH)
Batting: LHB Jon Schick 0-0: Called Strike
0-1: Ball
1-1: Ball
2-1: Swinging Strike
2-2: Strikes out swinging
Batting: LHB Michael Byrd 0-0: Ball
1-0: Fly out, F8 (Line Drive, 8RD, EV 92.5 MPH)
Top of the 4th over - 0 runs, 0 hits, 0 errors, 0 left on base; Toronto 1 - Baltimore 4
BOTTOM OF THE 4TH
Baltimore Orioles batting - Pitching for Toronto Blue Jays : RHP Javy Falcon
Batting: SHB Bran Stark 0-0: Ground out 5-3 (Groundball, 5S, EV 70.0 MPH)
Batting: RHB Saimei Kudo 0-0: Hit by Pitch
Batting: RHB Vince Jackson 0-0: Swinging Strike
0-1: Ball
1-1: Ball
2-1: Foul Ball, location: 2F
2-2: Ball
3-2: Ground out 6-3 (Groundball, 56D, EV 97.5 MPH)
Saimei Kudo to second
Batting: RHB Rudo Garciaparra 0-0: Called Strike
0-1: Foul Ball, location: 2F
0-2: Ball
1-2: Ball
2-2: Fly out, F8 (Flyball, 8LM, EV 88.8 MPH)
Bottom of the 4th over - 0 runs, 0 hits, 0 errors, 1 left on base; Toronto 1 - Baltimore 4
TOP OF THE 5TH
Toronto Blue Jays batting - Pitching for Baltimore Orioles : LHP Silas Chinn
Batting: SHB Zory Larikov 0-0: Ball
1-0: Called Strike
1-1: Fly out, F9 (Flyball, 9D, EV 86.9 MPH)
Batting: SHB Dylan Novakowski 0-0: Called Strike
0-1: Called Strike
0-2: Foul Ball, location: 2F
0-2: Strikes out looking
Batting: RHB Danny Burnside 0-0: Called Strike
0-1: Foul Ball, location: 2F
0-2: SINGLE (Line Drive, 6MD, EV 96.9 MPH)
Batting: RHB Brock Van Gilder 0-0: Ball
1-0: Ball
2-0: Foul Ball, location: 2F
2-1: Foul Ball, location: 2F
2-2: Strikes out swinging
Top of the 5th over - 0 runs, 1 hit, 0 errors, 1 left on base; Toronto 1 - Baltimore 4
BOTTOM OF THE 5TH
Baltimore Orioles batting - Pitching for Toronto Blue Jays : RHP Javy Falcon
Batting: SHB Jason Hayes 0-0: Ball
1-0: Ball
2-0: Swinging Strike
2-1: Called Strike
2-2: Ball
3-2: SINGLE (Line Drive, 8RS, EV 104.4 MPH)
Batting: SHB Robert Handy 0-0: Called Strike
0-1: Ball
1-1: Foul Ball, location: 2F
1-2: Ball
2-2: Strikes out swinging
Batting: LHB Andy Bowman 0-0: Ball
1-0: Ball
2-0: Ball
3-0: Foul Ball, location: 2F
3-1: Base on Balls
Jason Hayes to second
Batting: SHB Tony Prado 0-0: Swinging Strike
0-1: Ball
1-1: SINGLE (Flyball, 9S, EV 92.5 MPH)
Jason Hayes to third
Andy Bowman to second
Batting: RHB Tenshou Takita 0-0: Called Strike
0-1: Foul Ball, location: 2F
0-2: Strikes out looking
Batting: SHB Bran Stark 0-0: Ball
1-0: SINGLE (Line Drive, 78M, EV 100.0 MPH)
Jason Hayes scores
Andy Bowman to third
Tony Prado to second
Runner from 3rd tries for Home, SAFE, throw by CF to home
Pitching: RHP Aaron Linkous
Batting: RHB Saimei Kudo 0-0: Called Strike
0-1: Ball
1-1: Ball
2-1: Ball
3-1: Base on Balls
Tony Prado to third
Bran Stark to second
Batting: RHB Vince Jackson 0-0: Ball
1-0: Fly out, F8 (Flyball, 78M, EV 91.9 MPH)
Bottom of the 5th over - 2 runs, 3 hits, 0 errors, 3 left on base; Toronto 1 - Baltimore 6
TOP OF THE 6TH
Toronto Blue Jays batting - Pitching for Baltimore Orioles : LHP Silas Chinn
Batting: RHB C.J. Richerson 0-0: Ball
1-0: Ball
2-0: SOLO HOME RUN (Line Drive, 7D, EV 98.1 MPH), Distance : 360 ft
Batting: RHB Kirk Arp 0-0: Called Strike
0-1: Fly out, F9 (Flyball, 89S, EV 91.9 MPH)
Batting: LHB Willis Robles 0-0: Ground out 5-3 (Groundball, 56, EV 96.9 MPH)
Batting: LHB Jon Schick 0-0: Called Strike
0-1: Called Strike
0-2: Ball
1-2: Ball
2-2: SINGLE (Line Drive, 3D, EV 96.9 MPH)
Batting: LHB Michael Byrd 0-0: Ball
1-0: Called Strike
1-1: Called Strike
1-2: Ball
Jon Schick is caught stealing 2nd base 2-6
Top of the 6th over - 1 run, 2 hits, 0 errors, 0 left on base; Toronto 2 - Baltimore 6
BOTTOM OF THE 6TH
Baltimore Orioles batting - Pitching for Toronto Blue Jays : RHP Aaron Linkous
Batting: RHB Rudo Garciaparra 0-0: Ball
1-0: Swinging Strike
1-1: Ball
2-1: Called Strike
2-2: Ball
3-2: Base on Balls
Batting: SHB Jason Hayes 0-0: Ball
1-0: Fly out, F7 (Flyball, 78S, EV 74.4 MPH)
Batting: SHB Robert Handy 0-0: Ball
1-0: Foul Ball, location: 2F
1-1: Foul Ball, location: 2F
1-2: Strikes out swinging
Batting: LHB Andy Bowman 0-0: Called Strike
0-1: Ball
1-1: Fielders Choice at 2nd, U6 (Groundball, 6M, EV 83.8 MPH)
Bottom of the 6th over - 0 runs, 0 hits, 0 errors, 1 left on base; Toronto 2 - Baltimore 6
TOP OF THE 7TH
Toronto Blue Jays batting - Pitching for Baltimore Orioles : LHP Silas Chinn
Batting: LHB Michael Byrd 0-0: Called Strike
0-1: Ball
1-1: DOUBLE (Line Drive, 78D, EV 103.1 MPH)
Batting: SHB Zory Larikov 0-0: Called Strike
0-1: Ball
1-1: Foul Ball, location: 2F
1-2: Foul Ball, location: 2F
1-2: Ball
2-2: Ground out 6-3 (Groundball, P, EV 75.6 MPH)
Michael Byrd to third
Batting: SHB Dylan Novakowski 0-0: Ball
Wild Pitch!
Michael Byrd scores
1-0: Ball
2-0: Foul Ball, location: 2F
2-1: SINGLE (Groundball, 4M, EV 102.5 MPH)
Pitching: RHP Hector Aguado
Batting: RHB Danny Burnside 0-0: Ball
1-0: Foul Ball, location: 2F
1-1: SINGLE (Groundball, 6MD, EV 101.9 MPH)
Dylan Novakowski to second
Runner from 2nd tries for 3rd, SAFE, throw by CF made at trailing runner, OUT! 8-4
Batting: RHB Brock Van Gilder 0-0: Called Strike
0-1: Swinging Strike
0-2: Ball
1-2: Foul Ball, location: 2F
1-2: Strikes out swinging
Top of the 7th over - 1 run, 3 hits, 0 errors, 1 left on base; Toronto 3 - Baltimore 6
BOTTOM OF THE 7TH
Baltimore Orioles batting - Pitching for Toronto Blue Jays : RHP Aaron Linkous
Pitching: RHP Justin Sedivy
Batting: SHB Tony Prado 0-0: Called Strike
0-1: SOLO HOME RUN (Line Drive, 9LD, EV 96.9 MPH), Distance : 375 ft
Batting: RHB Tenshou Takita 0-0: Ball
1-0: DOUBLE (Groundball, 5L, EV 96.9 MPH)
Batting: SHB Bran Stark 0-0: Foul Ball, location: 2F
0-1: Foul Ball, location: 2F
0-2: Ball
1-2: SINGLE (Groundball, 56D, EV 105.6 MPH)
Tenshou Takita to third
Batting: RHB Saimei Kudo 0-0: Ball
Bran Stark steals 2nd base (no throw)
1-0: Foul Ball, location: 2F
1-1: SINGLE (Groundball, 56D, EV 98.8 MPH)
Tenshou Takita scores
Bran Stark to third
Batting: RHB Vince Jackson 0-0: Ball
1-0: Ball
2-0: DOUBLE (Flyball, 78XD, EV 105.6 MPH)
Bran Stark scores
Saimei Kudo to third
Pitching: LHP Keith Pratt
Batting: RHB Rudo Garciaparra 0-0: Called Strike
0-1: Ground out 4-3 (Groundball, 4, EV 85.6 MPH)
Saimei Kudo scores
Vince Jackson to third
Batting: SHB Jason Hayes 0-0: Ball
1-0: Foul Ball, location: 2F
1-1: Ball
2-1: Foul Ball, location: 2F
2-2: Ball
3-2: Foul Ball, location: 2F
3-2: Base on Balls
Batting: SHB Robert Handy 0-0: Called Strike
0-1: Ball
1-1: Swinging Strike
1-2: Strikes out swinging
Batting: LHB Andy Bowman 0-0: Called Strike
0-1: Called Strike
0-2: Foul Ball, location: 2F
0-2: Strikes out swinging, 2-3 out at first.
Bottom of the 7th over - 4 runs, 5 hits, 0 errors, 2 left on base; Toronto 3 - Baltimore 10
TOP OF THE 8TH
Toronto Blue Jays batting - Pitching for Baltimore Orioles : RHP Hector Aguado
Batting: RHB C.J. Richerson 0-0: Foul Ball, location: 2F
0-1: Ball
1-1: Ball
2-1: Foul Ball, location: 2F
2-2: SINGLE (Groundball, 56D, EV 94.4 MPH)
Pinch Hitting: SHB Matt Altieri 0-0: Called Strike
0-1: Ball
1-1: Called Strike
1-2: Strikes out looking
Batting: LHB Willis Robles 0-0: Ball
1-0: Called Strike
1-1: Foul Ball, location: 2F
1-2: Ball
2-2: Foul Ball, location: 2F
2-2: Fielders Choice at 2nd, 1-6 (Groundball, 34S, EV 72.5 MPH)
Batting: LHB Jon Schick 0-0: Foul Ball, location: 2F
0-1: SINGLE (Groundball, 13, EV 78.1 MPH) (infield hit)
Willis Robles to second
Batting: LHB Michael Byrd 0-0: Ball
1-0: SINGLE (Line Drive, 78S, EV 94.4 MPH)
Willis Robles to third
Jon Schick to second
Runner from 3rd tries for Home, SAFE, throw by LF to home
Batting: SHB Zory Larikov 0-0: Called Strike
0-1: Ball
1-1: Called Strike
1-2: Foul Ball, location: 2F
1-2: Ball
2-2: Strikes out swinging wild pitch, reaches first!
Jon Schick to third
Michael Byrd to second
Batting: SHB Dylan Novakowski 0-0: Ball
1-0: Called Strike
1-1: Foul Ball, location: 2F
1-2: Strikes out looking
Top of the 8th over - 1 run, 3 hits, 0 errors, 3 left on base; Toronto 4 - Baltimore 10
BOTTOM OF THE 8TH
Baltimore Orioles batting - Pitching for Toronto Blue Jays : LHP Keith Pratt
Now at 3B: Donny Burnside
Batting: SHB Tony Prado 0-0: Called Strike
0-1: Ground out 6-3 (Groundball, 6, EV 94.4 MPH)
Batting: RHB Tenshou Takita 0-0: Swinging Strike
0-1: Called Strike
0-2: SINGLE (Line Drive, 3D, EV 99.4 MPH)
Batting: SHB Bran Stark 0-0: Grounds into double play, 5-4-3 (Groundball, 56, EV 100.0 MPH)
Bottom of the 8th over - 0 runs, 1 hit, 0 errors, 0 left on base; Toronto 4 - Baltimore 10
TOP OF THE 9TH
Toronto Blue Jays batting - Pitching for Baltimore Orioles : RHP Hector Aguado
Batting: RHB Danny Burnside 0-0: Called Strike
0-1: Foul Ball, location: 2F
0-2: Ball
1-2: Foul Ball, location: 2F
1-2: Ball
2-2: SINGLE (Groundball, 34D, EV 96.9 MPH)
Pitching: LHP Marko Emchenko
Batting: RHB Brock Van Gilder 0-0: Ball
1-0: SINGLE (Groundball, 4M, EV 81.9 MPH) (infield hit)
Danny Burnside to second
Batting: RHB C.J. Richerson 0-0: Ball
1-0: Ball
2-0: Ball
3-0: Called Strike
3-1: Base on Balls
Danny Burnside to third
Brock Van Gilder to second
Batting: RHB Donny Burnside 0-0: Foul Ball, location: 2F
0-1: Ball
1-1: Ball
2-1: Ball
3-1: Base on Balls
Danny Burnside scores
Brock Van Gilder to third
C.J. Richerson to second
Batting: LHB Willis Robles 0-0: Swinging Strike
0-1: Swinging Strike
0-2: Ball
1-2: Ball
2-2: Strikes out swinging
Batting: LHB Jon Schick 0-0: Called Strike
0-1: Foul Ball, location: 2F
0-2: Ball
1-2: Foul Ball, location: 2F
1-2: Strikes out swinging
Batting: LHB Michael Byrd 0-0: Ground out 3-1 (Groundball, 34S, EV 81.2 MPH)
Top of the 9th over - 1 run, 2 hits, 0 errors, 3 left on base; Toronto 5 - Baltimore 10
Tuesday, March 28th , 2023 - OOTP Baseball 23.10 Build 110